 Dungeon Crawl Stone Soup version 0.30-a0-457-g4b7bca3bfa (webtiles) character file.

Game seed: 13416375400554320281

22 Brandom the Grasshopper (level 2, -2/25 HPs)
             Began as an Armataur Warper on Dec 12, 2022.
             Slain by a worm (9 damage)
             ... on level 1 of the Dungeon.
             The game lasted 00:02:32 (562 turns).

Brandom the Grasshopper (Armataur Warper)            Turns: 562, Time: 00:02:33

Health: -2/25      AC:  4    Str: 16    XL:     2   Next: 68%
Magic:  4/4        EV:  9    Int: 13    God:
Gold:   53         SH:  0    Dex:  9    Spells: 2/4 levels left

rFire   . . .      SeeInvis .    a - +0 falchion
rCold   . . .      Faith    .    (no shield)
rNeg    . . .      Spirit   .    b - +0 leather armour
rPois   .          Reflect  .    (no helmet)
rElec   .          Harm     .    (no cloak)
rCorr   .          Roll     +    (no gloves)
Will    .....                    (no barding)
Stlth   +.........               (no amulet)
HPRegen 0.24/turn                (no ring)
MPRegen 0.09/turn                (no ring)

@: no status effects
A: large, rugged brown scales 3, deformed body, armoured tail, roll, long
tongue, awkward tongue
a: no special abilities


You were on level 1 of the Dungeon.
You visited 1 branch of the dungeon, and saw 1 of its levels.

You collected 53 gold pieces.

Inventory:

Hand Weapons
 a - a +0 falchion (weapon)
Missiles
 d - 7 boomerangs of dispersal (quivered) {!f}
Armour
 b - a +0 leather armour (worn)
 e - a +0 leather armour
   (You found it on level 1 of the Dungeon)
Scrolls
 c - 3 scrolls of blinking
 f - a scroll of identify {unknown}
 g - a scroll of immolation {unknown}
Potions
 h - a potion of mutation {unknown}


   Skills:
 + Level 2.0 Fighting
 + Level 2.0 Long Blades
 - Level 0.8 Throwing
 + Level 1.7 Armour
 + Level 1.6 Dodging
 + Level 1.9 Spellcasting
 + Level 3.1 Translocations


You had 2 spell levels left.
You knew the following spells:

 Your Spells              Type           Power      Damage    Failure   Level
b - Blink                 Tloc           18%        N/A       13%         2

Your spell library contained the following spells:

 Spells                   Type           Power      Damage    Failure   Level
 Lesser Beckoning         Tloc           18%        N/A       26%         3
 Teleport Other           Tloc           9%         N/A       26%         3
 Vhi's Electric Charge    Tloc/Air       10%        N/A       45%         3
 Manifold Assault         Tloc           9%         N/A       65%         4
 Anguish                  Hex/Necr       0%         N/A       97%         4
 Enfeeble                 Hex            0%         N/A       100%        7


Dungeon Overview and Level Annotations

Branches:
Dungeon (1/15)

Altars:


Innate Abilities, Weirdness & Mutations

You are completely covered in rugged brown scales. (AC +3, +7% HP)
Armour fits poorly on your strangely shaped body.
You have a long armoured tail.
You roll when moving toward enemies. (Rampage)
Your long tongue fully drains potion bottles. (2x potion effects)
Your tongue gives you trouble enunciating. (1.5x scroll delay)


Message History

The giant cockroach waves its antennae.
The giant cockroach completely misses you. x2
You barely miss the giant cockroach. The giant cockroach bites you.
You hit the giant cockroach but do no damage.
The giant cockroach barely misses you.
You hit the giant cockroach but do no damage.
Your tail-slap misses the giant cockroach.
The giant cockroach bites you but does no damage. x2
You closely miss the giant cockroach. The giant cockroach closely misses you.
You hit the giant cockroach but do no damage.
The giant cockroach bites you but does no damage. x2
You hit the giant cockroach.
You kill the giant cockroach!
No target in view!
A rat and an endoplasm come into view.
You hit the endoplasm. The endoplasm freezes you.
You are frozen.
The rat completely misses you.
The endoplasm hits you but does no damage.
You hit the endoplasm.
You kill the endoplasm!
The rat barely misses you.
You barely miss the rat. The rat barely misses you.
You hit the rat.
You kill the rat!
No target in view!
No target in view!
Found a sedimented purple potion and 8 gold pieces.
Found an escape hatch in the floor.
No target in view!
h - a sedimented purple potion You now have 53 gold pieces (gained 8).
A worm comes into view.
A worm is nearby!
A worm comes into view.
Found a stone staircase leading down.
The worm bites you!
You slash the worm! You tail-slap the worm! The worm barely misses you.
You hit the worm. You barely miss the worm. The worm barely misses you.
You hit the worm but do no damage. The worm bites you.
You hit the worm.
You kill the worm!
You hit the worm. The worm bites you.
You barely miss the worm. You hit the worm. The worm bites you!
* * * LOW HITPOINT WARNING * * *
You completely miss the worm. The worm barely misses you.
You hit the worm. The worm bites you!
You die...

#.##.................)...#
#.#########.......##.###.#
..# ##.....###.###.# #..
##...## #>##... ##.##
#.##..# #.# #.....# #.#
#####.# ######.# #.#
#@.....# #.#
.^>...w####### #.# .......
#.# ^.....# #.. ...^^# ###
....# #..# ###


You could see a worm.

Vanquished Creatures
  A worm (D:1)
  2 endoplasms (D:1)
  A giant cockroach (D:1)
  2 hobgoblins (D:1)
  2 jackals (D:1)
  A quokka (D:1)
  A ball python (D:1)
  A bat (D:1)
  A frilled lizard (D:1)
  2 goblins (D:1)
  2 kobolds (D:1)
  3 rats (D:1)
19 creatures vanquished.

Notes
Turn   | Place    | Note
-------+----------+-------------------------------------------
     0 | D:1      | Brandom the Armataur Warper began the quest for the Orb.
     0 | D:1      | Reached XP level 1. HP: 18/18 MP: 3/3
   270 | D:1      | Reached XP level 2. HP: 9/25 MP: 4/4
   338 | D:1      | Learned a level 2 spell: Blink
   562 | D:1      | Slain by a worm

Illustrated notes

Levels and vault maps discovered:
D:1:      evilmike_arrival_plus, layout_loops_ring, nicolae_wormholes

Skill      XL: |  1  2 |
---------------+-------+-----
Fighting       | 2 |  2.0
Long Blades    | 2 |  2.0
Throwing       | |  0.8
Armour         | |  1.7
Dodging        | |  1.6
Spellcasting   | |  1.9
Translocations | |  3.1

Action                   || total
-------------------------++-------
Melee: Falchion          ||    72
       Tailslap          ||     9
       Punch             ||     1
Armor: Leather armour    ||    30
Dodge: Dodged            ||    34

Table legend: (Time is in decaauts)
 A = Elapsed time spent in this place.
 B = Non-inter-level travel time spent in this place.
 C = Inter-level travel time spent in this place.
 D = Time resting spent in this place.
 E = Time spent auto-exploring this place.
 F = Levels seen in this place.
 G = Mean time per level.
                   A        B        C        D        E       F      G
               +--------+--------+--------+--------+--------+-----+--------+
         Total |    576 |    576 |      0 |     63 |    352 |   1 |  576.0 |
       Dungeon |    576 |    576 |      0 |     63 |    352 |   1 |  576.0 |
               +--------+--------+--------+--------+--------+-----+--------+

Top non-repeatable levels by time:
     D:1: 576 daAuts
